[Event "*** SCC Grand Prix: Titled Tuesday Blitz"]
[Site "Chess.com"]
[Date "2020.07.07"]
[Round "5"]
[White "SidArun"]
[Black "skslaviaorlova"]
[Result "0-1"]
[WhiteElo "2185"]
[BlackElo "2139"]
[TimeControl "180+1"]
[EndTime "10:55:12 PDT"]
[Termination "skslaviaorlova won on time"]

1. d4 Nf6 2. Bg5 e6 3. e4 Be7 4.
Bxf6 Bxf6 5. c3 d6 6. Nd2 c5 7.
d5 exd5 8. exd5 a6 9. Bd3 Nd7 10.
Ngf3 O-O 11. O-O b5 12. a4 Bb7 13. c4 bxc4 14. Bxc4 Ne5 15. Nxe5 Bxe5 16. Nf3 Re8 17. Qd3 Qf6 18. Rab1 a5 19. Nxe5 Rxe5 20. f4 Re7 21.
Rf3 Rae8 22. Rh3 g6 23. Bb5 Re1+ 24. Rxe1 Rxe1+ 25. Kf2 Re7 26. b3 Qxf4+ 27. Rf3 Qh4+ 28. Rg3 Qxh2 29. Qf3 Bc8 30. Qf6 Re5 31. Qd8+ Kg7 32. Rf3 Bf5 33. Qg5 f6 34. Qd2 Qh4+ 35. Rg3 Be4 0-1

[Event "*** SCC Grand Prix: Titled Tuesday Blitz"]
[Site "Chess.com"]
[Date "2020.07.07"]
[Round "5"]
[White "Vesper2018"]
[Black "BilodeauA"]
[Result "0-1"]
[WhiteElo "2562"]
[BlackElo "2840"]
[TimeControl "180+1"]
[EndTime "10:55:13 PDT"]
[Termination "BilodeauA won on time"]

1. e4 e5 2. Nf3 Nc6 3. Bc4 Bc5 4. d3 Nf6 5. Bg5 d6 6. c3 a6 7. a4 h6 8. Bh4 g5 9. Bg3 O-O 10. O-O Kg7 11. Re1 Ba7 12. Nbd2 Nh7 13. Nf1 f5 14.
exf5 Bxf5 15. h3 Nf6 16. Ne3 Bg6 17. Nd5 Nxd5 18. Bxd5 Qd7 19. Qd2 Rae8 20. Nh2 Ne7 21. Bxb7 Nf5 22. Kh1 Nxg3+ 23. fxg3 c6 24. Bxa6 d5 25. d4 e4 26. Nf1 Bb8 27. Re3 Rf6 28. Nh2 h5 29. Rf1 Ref8 30. Rxf6 Rxf6 31. Nf1 Qf7 32. Re1 Rf5 33. Kg1 h4 34. g4 Rf4 35. b4 Qa7 36. b5 Rf7 37. Qa2 Qc7 38. a5 e3 39. b6 Rxf1+ 40. Kxf1 Qf4+ 0-1

[Event "*** SCC Grand Prix: Titled Tuesday Blitz"]
[Site "Chess.com"]
[Date "2020.07.07"]
[Round "5"]
[White "Kildepiotr"]
[Black "grunbergmihai"]
[Result "1/2-1/2"]
[WhiteElo "2606"]
[BlackElo "2443"]
[TimeControl "180+1"]
[EndTime "10:55:13 PDT"]
[Termination "Game drawn by repetition"]

1. Nf3 Nf6 2. g3 g6 3. Bg2 Bg7 4. O-O O-O 5. d4 c5 6. c3 d6 7. dxc5 dxc5 8. Nbd2 Nc6 9. e4 Bg4 10. Qc2 Qc8 11. Nc4 Bh3 12. Re1 Bxg2 13. Kxg2 Nd7 14. a4 Nde5 15. Nfxe5 Nxe5 16. Ne3 c4 17. Rd1 Rd8 18.
Rxd8+ Qxd8 19. f4 Nd3 20. Qe2 Rc8 21. Nf1 Qb6 22. Be3 Qxb2 23. Qxb2 Nxb2 24. Bd2 Nd3 25. Rb1 Rc7 26. Kf3 e5 27. Ne3 exf4 28. gxf4 b6 29. Nd5 Rd7 30. a5 f5 31. axb6 axb6 32. Nxb6 fxe4+ 33. Kxe4 Nc5+ 34. Ke3 Rd3+ 35. Ke2 Bxc3 36. Nxc4 Bxd2 37.
Nxd2 Rd7 38. Rb5 Ne6 39. Ke3 Nd4 40. Rb8+ Kg7 41. Ne4 Nf5+ 42. Kf2 h6 43. Rb4 Kf7 44.
Ke2 Kg7 45. Kf2 Kf7 46. Ke2 Kg7 47. Kf2 1/2-1/2

[Event "*** SCC Grand Prix: Titled Tuesday Blitz"]
[Site "Chess.com"]
[Date "2020.07.07"]
[Round "5"]
[White "Natalya_Buksa"]
[Black "gliglu"]
[Result "1-0"]
[WhiteElo "2556"]
[BlackElo "2399"]
[TimeControl "180+1"]
[EndTime "10:55:13 PDT"]
[Termination "Natalya_Buksa won by resignation"]

1. d4 Nf6 2. Nc3 e6 3. e4 d5 4. e5 Nfd7 5. f4 c5 6. Nf3 a6 7. Be3 Qb6 8. Qd2 Qxb2 9. Rb1 Qa3 10. Be2 Nc6 11. O-O cxd4 12. Nxd4 Nxd4 13. Bxd4 Bc5 14.
Kh1 Bxd4 15. Qxd4 Qc5 16. Qd2 f5 17. exf6 Nxf6 18. Na4 Qc7 19. Nb6 Rb8 20. Bd3 O-O 21. Rfe1 Bd7 22. Nxd7 Qxd7 23. Qe3 Rbe8 24. g3 e5 25.
fxe5 Ng4 26. e6 Qe7 27. Qb6 Rf2 28. Kg1 Rxh2 29. Bf5 Qa3 30. Rb3 Qxa2 31. Bxg4 Qxc2 32. Bf3 Rd2 33. e7 Qc4 34. Qe6+ Kh8 35. Qf7 Qc5+ 36. Rbe3 Qc6 37. Qf8+ 1-0

[Event "*** SCC Grand Prix: Titled Tuesday Blitz"]
[Site "Chess.com"]
[Date "2020.07.07"]
[Round "5"]
[White "CarlosAlbornoz"]
[Black "Chessmasterzt"]
[Result "1-0"]
[WhiteElo "2803"]
[BlackElo "2606"]
[TimeControl "180+1"]
[EndTime "10:55:14 PDT"]
[Termination "CarlosAlbornoz won on time"]

1. e4 d5 2. exd5 Nf6 3. Nf3 Bg4 4. d4 Qxd5 5. c4 Bxf3 6. gxf3 Qh5 7. Nc3 e6 8. Be3 Bb4 9. Qc2 Nbd7 10. O-O-O Qa5 11.
Na4 Nb6 12. Nxb6 axb6 13. a3 Be7 14. Rg1 O-O 15. Bd3 Kh8 16. Rg5 Qa4 17. Qe2 Qb3 18. Bc2 Qa2 19. Qd3 g6 20. Rb5 c6 21.
Rxb6 Nd7 22. Rxb7 Rfb8 23. Qb3 Qxb3 24. Rxb3 Rxb3 25. Bxb3 Kg7 26. d5 exd5 27. cxd5 cxd5 28. Rxd5 Nc5 29. Bc2 Ne6 30. Rd7 Kf8 31. Bb3 Ra6 32.
Kb1 Rc6 33. Bd5 Rb6 34. Bxb6 1-0

[Event "*** SCC Grand Prix: Titled Tuesday Blitz"]
[Site "Chess.com"]
[Date "2020.07.07"]
[Round "5"]
[White "Chessdreamer2020"]
[Black "Future2700"]
[Result "1-0"]
[WhiteElo "2594"]
[BlackElo "2421"]
[TimeControl "180+1"]
[EndTime "10:55:15 PDT"]
[Termination "Chessdreamer2020 won on time"]

1. e4 c5 2. Nf3 e6 3. b3 Nf6 4. e5 Nd5 5. Bb2 Be7 6. g3 Nc6 7. Bg2 O-O 8. O-O f6 9. c4 Nc7 10. d4 cxd4 11. exf6 Bxf6 12. Nxd4 Na6 13. Na3 Nc5 14.
Nab5 a6 15. Nxc6 dxc6 16. Bxf6 Qxf6 17. Nc7 Ra7 18. Qd6 Nd7 19. Qxe6+ Qxe6 20. Nxe6 Re8 21.
Rfe1 Nf6 22. Nd4 Rxe1+ 23. Rxe1 Kf7 24. f4 Bd7 25. c5 Ra8 26. Nf3 Bf5 27. Ng5+ Kf8 28.
Ne6+ Bxe6 29. Rxe6 Rd8 30. Rd6 Rxd6 31. cxd6 Ke8 32.
Bh3 Ne4 33. d7+ Kd8 34. Kg2 Nf6 35. Kf3 Nxd7 36. Bf5 Nf6 37. g4 g6 38. Bd3 Ke7 39.
h4 Ke6 40. f5+ gxf5 41. Bxf5+ Ke5 42. Bc8 b6 43. Bxa6 Nd5 44. Bb7 Kd6 45. g5 Nc3 46. h5 c5 47. g6 1-0

[Event "*** SCC Grand Prix: Titled Tuesday Blitz"]
[Site "Chess.com"]
[Date "2020.07.07"]
[Round "5"]
[White "mikheeva86"]
[Black "ahachess"]
[Result "0-1"]
[WhiteElo "1923"]
[BlackElo "2276"]
[TimeControl "180+1"]
[EndTime "10:55:15 PDT"]
[Termination "ahachess won by resignation"]

1. e4 c5 2. Nc3 Nc6 3. g3 g6 4. Bg2 Bg7 5. d3 e6 6. Be3 d6 7. Qd2 Rb8 8. Nge2 Nd4 9. O-O Ne7 10. Nd1 O-O 11. Nxd4 cxd4 12. Bh6 Bd7 13. Bxg7 Kxg7 14. c3 Nc6 15. cxd4 Nxd4 16. Ne3 Rc8 17. Rfc1 Qb6 18. Nc4 Qa6 19. Kh1 Bb5 20. b3 Bxc4 21. dxc4 e5 22. f4 f6 23. fxe5 dxe5 24. Qe3 Qa3 25.
Qd2 Rfd8 26. Qf2 Rd6 27. Rf1 Rf8 28. g4 h6 29. h4 Ne6 30. Rac1 b6 31. Rcd1 Nf4 32.
Rxd6 Qxd6 33. Bf3 Rd8 34. Rd1 Qe7 35. Rxd8 Qxd8 36. Qe1 Qd4 37. Qd1 Nd3 38. Kg2 Kf7 39. Qe2 Nf4+ 0-1

[Event "*** SCC Grand Prix: Titled Tuesday Blitz"]
[Site "Chess.com"]
[Date "2020.07.07"]
[Round "5"]
[White "Indianlad"]
[Black "Witik"]
[Result "1-0"]
[WhiteElo "2957"]
[BlackElo "2652"]
[TimeControl "180+1"]
[EndTime "10:55:16 PDT"]
[Termination "Indianlad won by resignation"]

1. e4 c6 2. Nf3 d5 3. Nc3 dxe4 4. Nxe4 Nf6 5. Qe2 Bg4 6. Nxf6+ gxf6 7. h3 Bd7 8. d4 e6 9. g3 c5 10. Bg2 Bc6 11.
O-O cxd4 12. Rd1 Qb6 13. a4 Bc5 14. a5 Qa6 15. Qe1 Nd7 16. b4 Be7 17. Ba3 Bxf3 18. Bxf3 Qc4 19. Bxb7 Rb8 20. a6 O-O 21. c3 d3 22. Qe3 Ne5 23. f4 Ng6 24. Qxd3 Qc7 25. c4 f5 26. c5 Rxb7 27. axb7 Qxb7 28. b5 Rc8 29. c6 Qb6+ 30. Kg2 Bxa3 31. Rxa3 h5 32.
h4 Qc5 33. Rc3 Qb6 34. Rc2 a6 35. bxa6 Rxc6 36. Qd8+ Kh7 37. Qxb6 Rxb6 38. Ra2 1-0

[Event "*** SCC Grand Prix: Titled Tuesday Blitz"]
[Site "Chess.com"]
[Date "2020.07.07"]
[Round "5"]
[White "Jbd735"]
[Black "Roza_Idrisova"]
[Result "0-1"]
[WhiteElo "2439"]
[BlackElo "2236"]
[TimeControl "180+1"]
[EndTime "10:55:16 PDT"]
[Termination "Roza_Idrisova won on time"]

1. e4 c6 2. d4 d5 3. Nc3 a6 4. Bd3 dxe4 5. Bxe4 Nf6 6. Bf3 Bf5 7. Nge2 e6 8. O-O Be7 9. Bf4 O-O 10. Re1 Nbd7 11.
Qd2 Nb6 12. Ng3 Bg6 13. Rad1 Nc4 14. Qc1 Qb6 15. Na4 Qa5 16. b3 Na3 17. c4 Rad8 18.
Re5 b5 19. Bxc6 Ng4 20. cxb5 Nxe5 21. Bxe5 axb5 22. Nc5 Bxc5 23. Qxc5 Rc8 24. h4 h5 25. Bd6 Qa6 26. Bxf8 Rxf8 27. Rc1 Rc8 28. Qd6 Nc2 29.
f4 Qxc6 30. Qe5 Qd5 31. Qe2 Rc3 0-1

[Event "*** SCC Grand Prix: Titled Tuesday Blitz"]
[Site "Chess.com"]
[Date "2020.07.07"]
[Round "5"]
[White "ehrenfeld"]
[Black "awesomevishesh"]
[Result "1-0"]
[WhiteElo "2520"]
[BlackElo "2370"]
[TimeControl "180+1"]
[EndTime "10:55:17 PDT"]
[Termination "ehrenfeld won on time"]

1. e4 c5 2. d3 Nc6 3. f4 d5 4. Be2 e6 5. Nf3 Bd6 6. O-O Nge7 7. c3 O-O 8. e5 Bc7 9. d4 f6 10. Be3 cxd4 11. cxd4 Bd7 12. Nc3 a6 13. Na4 Nf5 14. Bf2 fxe5 15. fxe5 b6 16. Rc1 Be8 17. b3 a5 18. Qd2 Nce7 19. Nc3 Rc8 20. Nb5 Bb8 21. Rxc8 Qxc8 22. Rc1 Qd8 23. a4 Bg6 24. Ng5 Qd7 25. Nh3 Nh6 26. Nf4 Bf5 27. h3 Nf7 28. Be3 Ng6 29.
Nxg6 Bxg6 30. Bg4 h5 31. Be2 Nd8 32. Qc3 Kh7 33. Qc8 Qe7 34. Qxb8 Nc6 35. Qd6 1-0

[Event "*** SCC Grand Prix: Titled Tuesday Blitz"]
[Site "Chess.com"]
[Date "2020.07.07"]
[Round "5"]
[White "talaicito"]
[Black "saraswathii"]
[Result "0-1"]
[WhiteElo "2139"]
[BlackElo "2346"]
[TimeControl "180+1"]
[EndTime "10:55:17 PDT"]
[Termination "saraswathii won by checkmate"]

1. d4 Nf6 2. Nc3 d6 3. e4 g6 4. Bf4 Bg7 5. Qd2 O-O 6. O-O-O Nbd7 7. Nf3 c5 8. e5 cxd4 9. Qxd4 Nh5 10. g3 Nxf4 11.
gxf4 Qa5 12. Qd5 Qxd5 13. Nxd5 Bh6 14. Nxe7+ Kg7 15. exd6 Bxf4+ 16. Kb1 Nf6 17. Nxc8 Raxc8 18. d7 Rcd8 19. Bh3 g5 20. Rhg1 Kg6 21. Rd4 Nh5 22. Bg4 f5 23. Bxh5+ Kxh5 24. h4 h6 25. hxg5 hxg5 26.
Rd6 Bxd6 27. Rxg5+ Kh6 28. Rg1 Rxd7 29. Rd1 Rfd8 30.
Rh1+ Kg7 31. a3 Bf4 32. Ka2 Rd1 33. Rh4 Bc1 34. Rc4 R8d7 35. Ne5 Re7 36. Nd3 Bg5 37. f4 Bf6 38. Rc5 Kg6 39. Rc8 Rd2 40. Rg8+ Kf7 41.
Rc8 Rd7 42. Kb3 R7xd3+ 43. cxd3 Rxb2+ 44. Ka4 Bd4 45. Rc7+ Ke6 46. Ka5 Bb6+ 47. Ka4 Bxc7 48. d4 b5# 0-1

[Event "*** SCC Grand Prix: Titled Tuesday Blitz"]
[Site "Chess.com"]
[Date "2020.07.07"]
[Round "5"]
[White "orrbaverlekszarnyon"]
[Black "I_Hit_18K_on_BS"]
[Result "1-0"]
[WhiteElo "2194"]
[BlackElo "2035"]
[TimeControl "180+1"]
[EndTime "10:55:17 PDT"]
[Termination "orrbaverlekszarnyon won on time"]

1. e4 c5 2. Nf3 d6 3. d4 cxd4 4. Nxd4 Nf6 5. Nc3 a6 6. h4 e5 7. Nde2 Be6 8. Bg5 Nbd7 9. Qd2 h6 10. Bxf6 Nxf6 11. O-O-O Be7 12. f3 b5 13. g4 Qc7 14.
Kb1 Nd7 15. Nd5 Bxd5 16. exd5 Nb6 17. f4 Nc4 18. Qd3 Rc8 19. c3 Bf6 20. Bg2 b4 21. g5 hxg5 22. hxg5 Rxh1 23. Rxh1 Be7 24. Rh8+ Bf8 25. Qf5 Ne3 26. Qe4 Nxg2 27. Qxg2 Qc4 28. g6 Qd3+ 29. Kc1 Qxg6 30. Qh3 Rc7 31. Qe3 Qf5 32. Qb6 Qc8 33. Qxd6 Re7 34. fxe5 bxc3 35. Nxc3 Qg4 36. Qb8+ Kd7 37. Qd6+ Ke8 38. Qc6+ Rd7 39. e6 Qg1+ 40. Kc2 Qf2+ 41. Kb3 fxe6 42. dxe6 1-0

[Event "*** SCC Grand Prix: Titled Tuesday Blitz"]
[Site "Chess.com"]
[Date "2020.07.07"]
[Round "5"]
[White "elamier"]
[Black "Smile2005"]
[Result "1-0"]
[WhiteElo "2319"]
[BlackElo "2464"]
[TimeControl "180+1"]
[EndTime "10:55:18 PDT"]
[Termination "elamier won by resignation"]

1. d4 Nf6 2. Bg5 d5 3. Bxf6 exf6 4. e3 Bd6 5. c4 dxc4 6. Bxc4 O-O 7. Bb3 c6 8. Nc3 f5 9. Qf3 f4 10. e4 c5 11. dxc5 Bxc5 12. Qxf4 Nc6 13. Nf3 Nd4 14. Nxd4 Qxd4 15. O-O Bd6 16. Qh4 Be6 17. Nb5 Qe5 18.
Nxd6 Qxd6 19. Bxe6 Qxe6 20. Rfd1 Rac8 21. Rd2 Rc4 22. f3 f5 23. Re1 fxe4 24. fxe4 Qb6+ 25. Kh1 h6 26. h3 Qb4 27. Rde2 Qd6 28. Qh5 Rf4 29. e5 Qe6 30. Rd2 Rce4 31. Rde2 Rc4 32.
b3 Rcd4 33. Kh2 Kh7 34. Re3 Qd5 35. Rg3 Rde4 36. Qg6+ 1-0

[Event "*** SCC Grand Prix: Titled Tuesday Blitz"]
[Site "Chess.com"]
[Date "2020.07.07"]
[Round "5"]
[White "S2PAc"]
[Black "zaur-mammadov"]
[Result "1-0"]
[WhiteElo "2773"]
[BlackElo "2594"]
[TimeControl "180+1"]
[EndTime "10:55:20 PDT"]
[Termination "S2PAc won by resignation"]

1. d4 d5 2. Nf3 Nf6 3. g3 g6 4. Bg2 Bg7 5. O-O O-O 6. c4 c6 7. Qb3 a5 8. Nc3 dxc4 9. Qxc4 Na6 10. e4 b5 11. Qe2 b4 12. Na4 Nc7 13. Rd1 Ba6 14. Qe1 Ne6 15. Bh3 Bb5 16. Nc5 Nxc5 17. dxc5 Qb8 18. Nd4 Rd8 19. Bf4 Qb7 20. Rd2 Nd7 21.
Nxb5 cxb5 22. Rad1 e6 23. Rd6 Rac8 24. Bg5 Bf8 25. c6 Rxc6 26. Rxc6 Ne5 27. Rxd8 Nf3+ 28. Kf1 Qxc6 29. Bh6 Qc4+ 30. Qe2 Nxh2+ 31. Kg2 1-0

[Event "*** SCC Grand Prix: Titled Tuesday Blitz"]
[Site "Chess.com"]
[Date "2020.07.07"]
[Round "5"]
[White "FairChess_on_YouTube"]
[Black "dey2580"]
[Result "1-0"]
[WhiteElo "2987"]
[BlackElo "2577"]
[TimeControl "180+1"]
[EndTime "10:55:20 PDT"]
[Termination "FairChess_on_YouTube won on time"]

1. Nf3 Nf6 2. c4 e6 3. Nc3 Bb4 4. g4 d5 5. g5 Bxc3 6. bxc3 Ne4 7. d3 Nd6 8. h4 dxc4 9. h5 Nc6 10. d4 Bd7 11. Bf4 Qe7 12. h6 g6 13. e3 b5 14.
a4 b4 15. cxb4 Ne4 16. b5 Qb4+ 17. Nd2 Na5 18. Bg2 f5 19. gxf6 Nxd2 20. Qxd2 c3 21.
Qc2 c6 22. O-O Rc8 23. Rab1 Qc4 24. b6 axb6 25. Rxb6 Kf7 26. Rc1 g5 27. Be5 1-0

[Event "*** SCC Grand Prix: Titled Tuesday Blitz"]
[Site "Chess.com"]
[Date "2020.07.07"]
[Round "5"]
[White "xberli"]
[Black "AquivaRubinstein"]
[Result "1-0"]
[WhiteElo "2312"]
[BlackElo "2463"]
[TimeControl "180+1"]
[EndTime "10:55:20 PDT"]
[Termination "xberli won by resignation"]

1. e4 e5 2. Nf3 Nc6 3. Bb5 Nf6 4. d3 Bc5 5. Nbd2 O-O 6. Bxc6 dxc6 7. Qe2 Nd7 8. g4 Re8 9. g5 Nf8 10. Nc4 Bg4 11. Ne3 Bh5 12. Bd2 Ne6 13. Nf5 g6 14. Nh6+ Kg7 15. c3 f6 16. h3 fxg5 17. Ng4 Nf4 18.
Bxf4 gxf4 19. O-O-O Qe7 20. Rhg1 b5 21. d4 Bd6 22. dxe5 Bc5 23. Qd2 Rf8 24. Qd7 Rad8 25. Qxc6 Bxg4 26. hxg4 Bxf2 27. Rh1 Be3+ 28. Kc2 b4 29. g5 a5 30. Rxd8 Rxd8 31. Qf6+ Qxf6 32. exf6+ Kg8 33. e5 Re8 34. Rd1 Kf7 35. Rd7+ Ke6 36. Rxh7 Kf5 37. Re7 Rd8 38. e6 Ke4 39. Rd7 Re8 40.
f7 Rh8 41. Nd2+ Bxd2 42. Rxd2 1-0

[Event "*** SCC Grand Prix: Titled Tuesday Blitz"]
[Site "Chess.com"]
[Date "2020.07.07"]
[Round "5"]
[White "IMHansNiemann"]
[Black "dalmatinac101"]
[Result "1-0"]
[WhiteElo "2941"]
[BlackElo "2809"]
[TimeControl "180+1"]
[EndTime "10:55:21 PDT"]
[Termination "IMHansNiemann won on time"]

1. d4 Nf6 2. Nc3 d5 3. Bf4 e6 4. e3 Bb4 5. Ne2 Nh5 6. a3 Be7 7. Bg3 Nd7 8. Nf4 Nxg3 9. hxg3 Nf6 10. g4 a6 11. g5 Ne4 12. Nxe4 dxe4 13. g6 O-O 14.
Rxh7 fxg6 15. Nxg6 Bb4+ 16. axb4 Kxh7 17. Qh5+ Kg8 18. Qh8+ Kf7 19. Ne5+ Ke8 20. Qh5+ Ke7 21. Qg5+ Rf6 22. Qxg7+ Ke8 23. Ng6 Rf5 24. g4 Rf3 25. Bg2 Qf6 26. Qg8+ Kd7 27. Ne5+ Ke7 28. Bxf3 exf3 29.
O-O-O Qh6 30. Qf7+ Kd8 31. g5 1-0

[Event "*** SCC Grand Prix: Titled Tuesday Blitz"]
[Site "Chess.com"]
[Date "2020.07.07"]
[Round "5"]
[White "StephenDedalus83"]
[Black "aNaartjieZA"]
[Result "1-0"]
[WhiteElo "2804"]
[BlackElo "2542"]
[TimeControl "180+1"]
[EndTime "10:55:21 PDT"]
[Termination "StephenDedalus83 won by checkmate"]

1. e4 e6 2. d4 d5 3. Nc3 Bb4 4.
e5 c5 5. a3 Bxc3+ 6. bxc3 Ne7 7. Qg4 Qc7 8. Bd3 Nbc6 9. Nf3 Bd7 10. Qxg7 Rg8 11. Qxh7 O-O-O 12. O-O Rg4 13. h3 Rgg8 14.
Qh6 Rh8 15. Qf6 Rdg8 16. Bg5 c4 17. Be2 Nf5 18. g4 Nfe7 19. Kg2 Rh7 20. Qf4 Ng6 21.
Qe3 Nce7 22. h4 Ba4 23. h5 Nf8 24. Qd2 Nc6 25. Ne1 Rhg7 26. f4 Nh7 27. Nf3 f6 28.
exf6 Nxf6 29. Bxf6 Rxg4+ 30. Kf2 Rxf4 31. Be5 Nxe5 32.
dxe5 Rgf8 33. h6 Qh7 34. Rh1 d4 35. cxd4 Bc6 36. Rh3 Bxf3 37. Bxf3 Qe4 38. Qe2 Qf5 39. Rah1 Rxd4 40. h7 Rh8 41. Rh4 Rd7 42. Qxc4+ Kb8 43. Qe4 Qf7 44. Rg1 Rd2+ 45. Ke3 Qd7 46. Rg8+ Kc7 47.
Qxb7# 1-0

[Event "*** SCC Grand Prix: Titled Tuesday Blitz"]
[Site "Chess.com"]
[Date "2020.07.07"]
[Round "5"]
[White "DivyaDeshmukh23"]
[Black "Omk124"]
[Result "0-1"]
[WhiteElo "2501"]
[BlackElo "2384"]
[TimeControl "180+1"]
[EndTime "10:55:21 PDT"]
[Termination "Omk124 won by resignation"]

1. e4 g6 2. d4 Bg7 3. Nc3 c6 4.
Be3 d5 5. e5 Nh6 6. Bd3 O-O 7.
Qd2 Ng4 8. Bf4 f6 9. e6 f5 10.
h4 Bxe6 11. h5 Bxd4 12. hxg6 hxg6 13. Nh3 Nd7 14. O-O-O Bg7 15. Ng5 Bf7 16. f3 Ngf6 17. Rde1 Re8 18. g4 e5 19. gxf5 exf4 20. fxg6 Rxe1+ 21.
Qxe1 Be8 22. Qe6+ Kf8 23. Nh7+ Nxh7 24. gxh7 Qf6 25. Qg8+ Ke7 26. h8=Q Bxh8 27. Rxh8 Ne5 28. Rh7+ Kd6 29. Qg1 Nxd3+ 30. cxd3 Bg6 31. Rh6 Rg8 32.
Qxa7 Qe6 33. Qa3+ Kd7 34. Rh1 Qe3+ 35. Kb1 Qxd3+ 36. Ka1 Qxf3 37. Re1 Re8 38. Rc1 Qe3 39. Rh1 Qe1+ 0-1

[Event "*** SCC Grand Prix: Titled Tuesday Blitz"]
[Site "Chess.com"]
[Date "2020.07.07"]
[Round "5"]
[White "VladaSviridova"]
[Black "whodee11"]
[Result "0-1"]
[WhiteElo "2122"]
[BlackElo "2321"]
[TimeControl "180+1"]
[EndTime "10:55:21 PDT"]
[Termination "whodee11 won on time"]

1. d4 Nf6 2. c4 g6 3. Nc3 Bg7 4. e4 O-O 5. Nf3 d6 6. Be2 e5 7. O-O Nbd7 8. Qc2 exd4 9. Nxd4 Nc5 10. Rd1 a5 11. f3 Nh5 12. Be3 f5 13. exf5 gxf5 14.
Qd2 Kh8 15. Bg5 Qe8 16. Nd5 Qf7 17. Bh6 f4 18. Bxg7+ Qxg7 19. Qc3 Nf6 20. Nxf4 Bd7 21. Nd5 Bh3 22. Bf1 Nfe4 23. Qc2 Ng5 24. Kh1 Bd7 25. Nxc7 Rac8 26. Ncb5 Rf6 27. Qc3 h5 28. Nb3 Nge4 29.
Qd4 Rg8 30. Nxc5 Nxc5 31. Nxd6 Ne6 32. Qe5 Nf4 33. Rd2 Bc6 34. Nf5 Qg5 35. Rd6 Rg6 36. Re1 Qxf5 37. Rd8+ Kh7 38. Qxf5 Rxf5 39. Re7+ Rg7 40.
Re1 h4 41. b3 h3 0-1

[Event "*** SCC Grand Prix: Titled Tuesday Blitz"]
[Site "Chess.com"]
[Date "2020.07.07"]
[Round "5"]
[White "Chuchofrio1"]
[Black "volcanoexplorer"]
[Result "0-1"]
[WhiteElo "2242"]
[BlackElo "2590"]
[TimeControl "180+1"]
[EndTime "10:55:22 PDT"]
[Termination "volcanoexplorer won by checkmate"]

1. e4 e5 2. Nf3 Nc6 3. Bb5 a6 4. Ba4 Nf6 5. O-O Be7 6. d3 b5 7. Bb3 O-O 8. Nbd2 Re8 9. a4 b4 10. Nc4 d6 11. Ng5 d5 12. exd5 Nxd5 13. Qh5 Bxg5 14.
Bxg5 f6 15. Ne3 Be6 16. Bh4 Nd4 17. Bxd5 Bxd5 18. f4 Bf7 19. Qg4 h5 20. Qd1 exf4 21. Nc4 f3 22. Bg3 fxg2 23. Rf2 Qd5 24. c3 bxc3 25.
bxc3 h4 26. cxd4 hxg3 27. hxg3 Qxd4 28. Kxg2 Bd5+ 29. Kg1 Re7 30. Qf1 Rae8 31. Kh2 Kf7 32. Rf4 Rh8+ 33. Rh4 Rxh4+ 34. gxh4 Qxh4+ 35. Qh3 Re2+ 36.
Kg1 Qf2# 0-1

[Event "*** SCC Grand Prix: Titled Tuesday Blitz"]
[Site "Chess.com"]
[Date "2020.07.07"]
[Round "5"]
[White "FMVolodymyrSakun"]
[Black "OtherGabe"]
[Result "1-0"]
[WhiteElo "2515"]
[BlackElo "2360"]
[TimeControl "180+1"]
[EndTime "10:55:22 PDT"]
[Termination "FMVolodymyrSakun won on time"]

1. e4 c5 2. Nf3 e6 3. d4 cxd4 4. Qxd4 Nc6 5. Qe3 Nf6 6. c4 Qc7 7. Be2 Be7 8. O-O O-O 9. Nc3 a6 10. h3 d6 11. b3 b6 12. Rd1 Bb7 13. Ba3 Rfd8 14. Rac1 Nd7 15. Nd5 exd5 16. cxd5 Nde5 17. Nxe5 dxe5 18. Bxe7 Qxe7 19. dxc6 Rxd1+ 20. Bxd1 Bc8 21. Qxb6 Qg5 22. Qe3 Qe7 23. c7 Be6 24. Bg4 Rc8 25.
Qb6 Bxg4 26. hxg4 Kf8 27. Qxa6 Qd7 28. Qc6 Qxg4 29. Qc5+ Kg8 30. Qxe5 Qd7 31. Qd5 Qe7 32. b4 Qxb4 33. Rd1 Qf8 34. Qd8 1-0

[Event "*** SCC Grand Prix: Titled Tuesday Blitz"]
[Site "Chess.com"]
[Date "2020.07.07"]
[Round "5"]
[White "maximnovik"]
[Black "Ural_bogatyr"]
[Result "1-0"]
[WhiteElo "2499"]
[BlackElo "2343"]
[TimeControl "180+1"]
[EndTime "10:55:22 PDT"]
[Termination "maximnovik won by resignation"]

1. d4 Nf6 2. Bg5 d5 3. Bxf6 exf6 4. e3 c6 5. c4 Be7 6. cxd5 cxd5 7. Nc3 O-O 8. g3 Be6 9. Bg2 Nc6 10. Nge2 Bb4 11. O-O Qd7 12. Qb3 Rfd8 13. Rac1 Bxc3 14. Rxc3 Rac8 15.
Rfc1 Na5 16. Rxc8 Rxc8 17. Rxc8+ Qxc8 18. Qc3 Nc4 19. Nf4 Qc6 20. h4 h6 21. Qb4 Nb6 22. b3 g6 23. Qe7 Kg7 24. Nxe6+ Qxe6 25. Qxb7 a5 26. Bf3 f5 27. Qc7 g5 28. hxg5 hxg5 29. Qc5 g4 30. Bg2 a4 31. bxa4 Nxa4 32. Qxd5 Qb6 33.
Qxf5 Nc3 34. Qxg4+ Kf8 35. Qc8+ Kg7 1-0

[Event "*** SCC Grand Prix: Titled Tuesday Blitz"]
[Site "Chess.com"]
[Date "2020.07.07"]
[Round "5"]
[White "Cxrjs"]
[Black "Barmen_EV"]
[Result "0-1"]
[WhiteElo "2284"]
[BlackElo "2468"]
[TimeControl "180+1"]
[EndTime "10:55:22 PDT"]
[Termination "Barmen_EV won on time"]

1. e4 c5 2. Nf3 Nc6 3. d4 cxd4 4.
Nxd4 Nf6 5. Nc3 e5 6. Ndb5 d6 7. Bg5 a6 8. Na3 b5 9. Nd5 Be7 10. Bxf6 Bxf6 11. c3 O-O 12. Nc2 Rb8 13. a4 bxa4 14.
Ncb4 Nxb4 15. Nxb4 Bb7 16. Qxa4 a5 17. Nc2 Qb6 18. Ra2 Bc6 19. Qc4 Bg5 20. Be2 Bd7 21.
Qd3 Be6 22. c4 Rfc8 23. Na3 Bc1 24. O-O Bxb2 25. Rb1 Qd4 26. Raxb2 Rxb2 0-1

[Event "*** SCC Grand Prix: Titled Tuesday Blitz"]
[Site "Chess.com"]
[Date "2020.07.07"]
[Round "5"]
[White "Tekushka"]
[Black "grandcoach"]
[Result "1-0"]
[WhiteElo "2368"]
[BlackElo "2113"]
[TimeControl "180+1"]
[EndTime "10:55:23 PDT"]
[Termination "Tekushka won by resignation"]

1. d4 Nf6 2. c4 e6 3. Nf3 d5 4.
Nc3 c5 5. e3 Nc6 6. cxd5 exd5 7. Bb5 Bd6 8. O-O O-O 9. dxc5 Bxc5 10. b3 Be6 11. Bb2 Qe7 12. Rc1 Rad8 13. Na4 Bd6 14. Bxc6 bxc6 15. Rxc6 Bd7 16. Rc1 Bxa4 17. bxa4 Ne4 18.
Qd4 Nf6 19. Rfd1 Ba3 20. Rc2 Bxb2 21. Rxb2 Rd7 22. h3 Rc8 23. Rdb1 h6 24. Rb8 Rxb8 25. Rxb8+ Kh7 26. Ne5 Rb7 27. Nc6 Qc7 28. Rxb7 Qxb7 29. Nxa7 Ne4 30. Nb5 Qc6 31. f3 Nc3 32. Nxc3 1-0

[Event "*** SCC Grand Prix: Titled Tuesday Blitz"]
[Site "Chess.com"]
[Date "2020.07.07"]
[Round "5"]
[White "Manukyan_Artak"]
[Black "isainz"]
[Result "1-0"]
[WhiteElo "2349"]
[BlackElo "2155"]
[TimeControl "180+1"]
[EndTime "10:55:23 PDT"]
[Termination "Manukyan_Artak won by resignation"]

1. e4 c5 2. Nf3 Nc6 3. c3 e6 4. d4 d5 5. e5 Qb6 6. a3 Nh6 7. b4 cxd4 8. cxd4 Nf5 9. Bb2 Bd7 10.
g4 Nh6 11. h3 Be7 12. Nc3 O-O 13. Na4 Qd8 14. Bg2 b6 15. O-O f6 16. Nc3 fxe5 17. dxe5 Nf7 18. Re1 Qc7 19. Nb5 Qb8 20. Qe2 a6 21.
Nbd4 Nxd4 22. Bxd4 Bb5 23. Qe3 Bd8 24. h4 Bc4 25. g5 g6 26. Bh3 Qc8 27. Nh2 b5 28.
Ng4 Qc6 29. Nf6+ Bxf6 30. exf6 Rfe8 31. f4 Rac8 32. Bc5 e5 33. Bxc8 Qxc8 34. Qg3 Qf5 35. fxe5 Nxe5 36. Kg2 Qc2+ 37. Kh3 Qf5+ 38. Kg2 Qc2+ 39.
Qf2 Qd3 40. f7+ 1-0

[Event "*** SCC Grand Prix: Titled Tuesday Blitz"]
[Site "Chess.com"]
[Date "2020.07.07"]
[Round "5"]
[White "Andreikka"]
[Black "novendrapriasmoro"]
[Result "1-0"]
[WhiteElo "2922"]
[BlackElo "2649"]
[TimeControl "180+1"]
[EndTime "10:55:24 PDT"]
[Termination "Andreikka won on time"]

1. c4 Nf6 2. Nc3 g6 3. e4 d6 4. d4 Bg7 5. Nf3 O-O 6. Be2 Na6 7. O-O e5 8. Be3 c6 9. d5 Ng4 10. Bg5 f6 11. Bh4 c5 12. Nd2 h5 13. a3 Bd7 14.
Rb1 Qe7 15. b4 b6 16. Kh1 Rab8 17. h3 Nh6 18. Bg3 f5 19. exf5 gxf5 20. Bxh5 f4 21. Bh2 Nf5 22. Bg4 Rf6 23. Nde4 Rh6 24. bxc5 bxc5 25. Rxb8+ Nxb8 26. Qb1 Qf8 27. Ng5 Nd4 28. f3 Bxg4 29. fxg4 Nd7 30. Nce4 Nb6 31. Qd3 Qe8 32. Bg1 Qa4 33. Bxd4 cxd4 34. Rc1 Bf8 35. Nf6+ Kg7 36. Qf5 Be7 37. Nh5+ Rxh5 38. Qf7+ Kh6 39. Qxh5+ 1-0